Cogmind - Beta 15 @@@ ROGUE MODE // 2025.06.10 @ 18:30:35 Player: EX-OCT Result: Destroyed by S-27 Virus with Autogun Performance ------------- Evolutions (3) 1500 Regions Visited (14) 2800 Robots Destroyed (57) 285 Value Destroyed (3907) 3907 Prototype IDs (32) 640 Alien Tech Used (0) 0 Bonus (5133) 5133 TOTAL SCORE: 14265 Bonus ------- High Alert Combat Kills 363 Follower Combat Kills 1470 Entered Garrisons 1000 Used RIF Installer 2000 Aligned with FarCom 300 Cogmind --------- Core Integrity 0/700 Matter 300/300 Energy 7/100 System Corruption 5% Temperature Cool (0) Movement Flying (32) Location -7/Garrison Parts ------- > --- POWER (1) -------- (None) > --- PROPULSION (5) --- VTOL Module Improved Cesium-ion Thruster > --- UTILITY (5) ------ Hacking Suite Relay Coupler [Grunt] (36) > --- WEAPON (2) ------- Power Sword > --- INVENTORY (5) ---- Light Nuclear Core VTOL Module Cloak of Protection Relay Coupler [Heavy] (17) Relay Coupler [Behemoth] (15) Peak State ------------ > --- POWER ------------ Light Nuclear Core > --- PROPULSION ------- VTOL Module VTOL Module VTOL Module VTOL Module Improved Cesium-ion Thruster > --- UTILITY ---------- Improved Core Shielding Hacking Suite Hacking Suite Relay Coupler [Swarmer] Relay Coupler [Sentry] > --- WEAPON ----------- Remote Datajack Power Sword > --- INVENTORY -------- Light Nuclear Core VTOL Module Cloak of Protection Relay Coupler [Heavy] Relay Coupler [Behemoth] [Rating: 45] Favorites ----------- Power Light Ion Engine Engine Light Ion Engine Power Core Light Nuclear Core Propulsion Flight Unit Leg Aluminum Leg Hover Unit Gravmag Array Flight Unit Flight Unit Utility Hacking Suite Device Structural Scanner Processor Improved Melee Analysis Suite Hackware Hacking Suite Protection Improved Core Shielding Weapon Falx Energy Gun Small Laser Ballistic Gun Light Assault Rifle Ballistic Cannon Light Cannon Special Weapon Remote Datajack Impact Weapon Great Maul Slashing Weapon Falx Special Melee Weapon Datajack Build | -11 -10 -10 -10 -9 -8 -8 -8 -8 -7 -7 -7 -7 -7 -7 ------- Run | Yrd Mat Min Exi Min Mat Gar Mat Gar Fac Gar Fac Gar Fac Gar Slots Evolved 6 | . . . . . 4 . . . 2 . . . . . Power . | . . . . . . . . . . . . . . . Propulsion 3 | . . . . . 2 . . . 1 . . . . . Utility 3 | . . . . . 2 . . . 1 . . . . . Weapon . | . . . . . . . . . . . . . . . Parts Attached 99 | 7 1 6 . . 7 12 4 8 7 19 . 18 2 8 Power 8 | 1 . . . . . 1 . 1 1 1 . 3 . . Engine 2 | 1 . . . . . . . . 1 . . . . . Core 6 | . . . . . . 1 . 1 . 1 . 3 . . Reactor . | . . . . . . . . . . . . . . . Propulsion 36 | 2 . 2 . . 2 3 2 3 . 12 . 5 1 4 Treads . | . . . . . . . . . . . . . . . Leg 5 | 2 . . . . . . . . . 3 . . . . Wheel . | . . . . . . . . . . . . . . . Hover 2 | . . . . . . 1 . . . . . 1 . . Flight 29 | . . 2 . . 2 2 2 3 . 9 . 4 1 4 Utility 35 | 1 1 2 . . 3 7 1 1 5 4 . 5 1 4 Device 10 | 1 1 2 . . 1 2 . 1 1 . . . . 1 Storage . | . . . . . . . . . . . . . . . Processor 2 | . . . . . . . . . 2 . . . . . Hackware 19 | . . . . . 1 4 1 . 2 2 . 5 1 3 Protection 4 | . . . . . 1 1 . . . 2 . . . . Artifact . | . . . . . . . . . . . . . . . Weapon 20 | 3 . 2 . . 2 1 1 3 1 2 . 5 . . Energy Gun 1 | 1 . . . . . . . . . . . . . . Energy Cannon . | . . . . . . . . . . . . . . . Ballistic Gun 4 | 2 . 1 . . . . . . . 1 . . . . Ballistic Cannon 1 | . . 1 . . . . . . . . . . . . Launcher . | . . . . . . . . . . . . . . . Special Weapon 2 | . . . . . . . . . . . . 2 . . Impact Weapon 3 | . . . . . 1 1 1 . . . . . . . Slashing Weapon 7 | . . . . . . . . 3 . 1 . 3 . . Piercing Weapon . | . . . . . . . . . . . . . . . Special Melee Weapon 2 | . . . . . 1 . . . 1 . . . . . Unidentified Prototypes 2 | . . 1 . . . . . . . . . . 1 . Parts Lost 50 | . . 1 . . 1 11 . 6 . 9 . 8 . 14 Power 7 | . . . . . . 1 . 2 . 1 . 2 . 1 Propulsion 25 | . . . . . . 4 . 3 . 7 . 4 . 7 Utility 14 | . . 1 . . 1 4 . 1 . 1 . 1 . 5 Weapon 4 | . . . . . . 2 . . . . . 1 . 1 Highest Loss Streak 7 | . . 1 . . 1 4 . 3 . 5 . 4 . 7 To Critical Strikes . | . . . . . . . . . . . . . . . Average Backups 4 | 1 2 3 5 5 4 4 5 5 4 4 5 4 4 5 Power . | . 1 1 1 1 1 1 1 1 . . . . 1 1 Propulsion . | . . 1 2 2 . . . . . . . . . 1 Utility 3 | . . . 2 2 2 2 4 3 4 4 4 3 3 3 Weapon . | . 1 . . . . . . . . . . . . . Tool/Special . | . . . . . . . . . . . . . . . Unused Backups 6 | . . . . . 1 . . 1 1 . . . . 3 Power . | . . . . . . . . . . . . . . . Propulsion 1 | . . . . . . . . . . . . . . 1 Utility 5 | . . . . . 1 . . 1 1 . . . . 2 Weapon . | . . . . . . . . . . . . . . . Tool/Special . | . . . . . . . . . . . . . . . Average Slot Usage (%) 82 | . 95 87 85 85 92 81 86 86 70 81 92 85 96 77 Engine 4 | . 14 14 14 14 9 3 . . 6 2 . . . . Core 3 | . . . . . . 4 9 7 . 2 7 4 7 3 Leg 1 | . 28 5 . . . . . . . 4 . . . . Flight 24 | . . 22 28 28 35 20 27 33 15 24 38 28 38 28 Device 5 | . 24 15 14 14 15 10 1 . 2 . . . . . Processor 1 | . . . . . . . . . 8 . . . . . Hackware 21 | . . . . . 7 16 34 28 26 31 23 28 27 24 Protection 4 | . . . . . 6 6 . . . 5 15 8 7 5 Ballistic Gun 2 | . 28 17 14 14 2 . . . . . . . . . Ballistic Cannon 1 | . . 10 14 14 7 . . . . . . . . . Special Weapon 1 | . . . . . . . . . . . . 5 7 4 Impact Weapon 2 | . . . . . 1 8 10 7 . . . . . . Slashing Weapon 4 | . . . . . . . . 8 7 6 7 7 7 7 Special Melee Weapon 1 | . . . . . 6 5 . . 2 2 . . . . Peak Build Rating 45 | 6 7 15 7 7 18 35 32 40 30 42 40 43 42 45 Average Rating 27 | 4 6 6 6 7 16 25 28 28 27 33 40 38 40 37 On Entrance 21 | . 6 7 7 7 7 17 30 29 19 28 40 40 42 42 Naked Turns . | . . . . . . . . . . . . . . . Heaviest Build 20 | 7 8 8 8 8 11 15 13 17 8 20 19 19 13 13 Greatest Support 35 | 20 20 20 8 8 16 29 20 18 14 35 20 20 22 22 Greatest Overweight (x) 4 | . . . . . . 3 . 4 2 2 . 1 . . Average Overweight (x) . | . . . . . . . . . . . . . . . Largest Inventory Capacity 5 | 5 5 5 5 5 5 5 5 5 5 5 5 5 5 5 Average Capacity 5 | 5 5 5 5 5 5 5 5 5 5 5 5 5 5 5 Most Carried 5 | 2 2 5 5 5 5 5 5 5 5 5 5 5 5 5 Average Carried 4 | 1 2 4 4 5 4 4 5 4 4 4 5 4 4 4 Final Capacity 5 | 5 5 5 5 5 5 5 5 5 5 5 5 5 5 5 Final Carried 5 | 2 2 5 5 5 5 5 5 5 4 5 5 5 5 5 Class Distribution -------------------- 31% | Mutant 22% | Scavenger-Sprinter 14% | Bothacker-Sprinter 12% | Bothacker-Mutant 6% | Commander-Sprinter 4% | Hacker-Sprinter 4% | Scavenger-Mutant Dominant Class ---------------- Mutant | -10/Materials Mutant | -10/Mines Mutant | -10/Exiles Mutant | -9/Mines Scavenger-Sprinter | -8/Materials Mutant | -8/Garrison Scavenger-Sprinter | -8/Materials Scavenger-Sprinter | -8/Garrison Mutant | -7/Factory Bothacker-Mutant | -7/Garrison Commander-Sprinter | -7/Factory Bothacker-Sprinter | -7/Garrison Bothacker-Sprinter | -7/Factory Scavenger-Sprinter | -7/Garrison Resources | -11 -10 -10 -10 -9 -8 -8 -8 -8 -7 -7 -7 -7 -7 -7 ----------- Run | Yrd Mat Min Exi Min Mat Gar Mat Gar Fac Gar Fac Gar Fac Gar Matter Collected 1794 | 314 . 128 . 10 189 100 13 164 107 275 . 346 . 148 Remotely . | . . . . . . . . . . . . . . . Salvage Created 1819 | 134 . 43 . . 159 277 13 426 170 167 . 360 . 70 Parts 96 | 8 . 6 . . 7 9 2 26 13 13 . 7 . 5 Haulers Intercepted 1 | . . . . . . . . . 1 . . . . . Recyclers Shooed 1 | 1 . . . . . . . . . . . . . . Parts Field Recycled . | . . . . . . . . . . . . . . . Retrieved Matter . | . . . . . . . . . . . . . . . Parts Self-Destructed . | . . . . . . . . . . . . . . . Prevented . | . . . . . . . . . . . . . . . Kills | -11 -10 -10 -10 -9 -8 -8 -8 -8 -7 -7 -7 -7 -7 -7 ------- Run | Yrd Mat Min Exi Min Mat Gar Mat Gar Fac Gar Fac Gar Fac Gar Combat Hostiles Destroyed 47 | . . 4 . . 4 10 1 11 . 6 . 8 . 3 Melee 33 | . . . . . 1 5 1 9 . 6 . 8 . 3 Guns 3 | . . 3 . . . . . . . . . . . . Cannons 4 | . . 1 . . 3 . . . . . . . . . Classes Destroyed 13 | 2 . 2 . . 1 3 . 1 3 . . 1 . . Worker 3 | . . . . . . . . . 3 . . . . . Tunneler 2 | 2 . . . . . . . . . . . . . . Hauler 1 | . . . . . . . . . 1 . . . . . Recycler 1 | 1 . . . . . . . . . . . . . . Watcher 3 | . . . . . . . . . 2 . . 1 . . Swarmer 22 | . . 3 . . . 5 1 4 . 3 . 3 . 3 Saboteur 2 | . . . . . . . . 1 . 1 . . . . Grunt 9 | . . . . . 4 . . 2 . 1 . 2 . . Duelist 1 | . . . . . . 1 . . . . . . . . Sentry 6 | . . . . . . 3 . 2 . . . 1 . . Specialist 1 | . . . . . . . . . . . . 1 . . Programmer 6 | . . . . . . 1 . 3 . 1 . 1 . . Assembled 1 | . . 1 . . . . . . . . . . . . Best Kill Streak 4 | 3 . 2 . . 3 4 1 4 1 3 . 3 . 3 Combat Bots Only 4 | . . 2 . . 3 4 1 4 . 3 . 3 . 3 Max Kills in Single Turn 2 | 1 . 1 . . 1 1 1 2 1 1 . 1 . 1 Gunslinging . | . . . . . . . . . . . . . . . Exploded . | . . . . . . . . . . . . . . . Melee 1 | . . . . . 1 1 1 1 . 1 . 1 . 1 Uniques/NPCs Destroyed . | . . . . . . . . . . . . . . . Combat | -11 -10 -10 -10 -9 -8 -8 -8 -8 -7 -7 -7 -7 -7 -7 -------- Run | Yrd Mat Min Exi Min Mat Gar Mat Gar Fac Gar Fac Gar Fac Gar Hostile Shots Fired 510 | . . 37 . 2 18 108 10 54 . 68 . 70 . 143 Missed 213 | . . 9 . 1 11 35 8 21 . 23 . 34 . 71 Hits 297 | . . 28 . 1 7 73 2 33 . 45 . 36 . 72 Melee 1 | . . . . . . . . . . 1 . . . . Projectile 296 | . . 28 . 1 7 73 2 33 . 44 . 36 . 72 AOE 1 | . . . . . . . . . . . . 1 . . Critical Strikes 9 | . . . . . 1 3 . . . . . 1 . 4 Actively Blocked 2 | . . . . . . . . . . . . 1 . 1 Part Disruptions 1 | . . . . . . . . 1 . . . . . . Damage Taken 3997 | . . 226 . 10 131 982 31 373 22 664 . 607 . 951 Core 1267 | . . 33 . . 39 332 31 126 22 182 . 125 . 377 Absorbed by Shields 37 | . . . . . . 4 . 16 . . . 17 . . Redirected to Shielding 208 | . . . . . 18 87 . . . . . 38 . 65 Core Remaining (%) 63 | 100 . . . 86 . . . 4 . . . . . . Volleys Fired 96 | 11 5 13 . . 26 . . . . 4 . 24 6 7 Largest 2 | 2 2 2 . . 1 . . . . 1 . 1 1 1 Hottest 50 | 40 40 50 . . 30 . . . . 23 . 5 5 5 Shots Fired 125 | 22 10 26 . . 26 . . . . 4 . 24 6 7 Gun 61 | 22 10 25 . . . . . . . 4 . . . . Cannon 27 | . . 1 . . 26 . . . . . . . . . Launcher . | . . . . . . . . . . . . . . . Special 37 | . . . . . . . . . . . . 24 6 7 Kinetic 88 | 22 10 26 . . 26 . . . . 4 . . . . Thermal . | . . . . . . . . . . . . . . . Explosive . | . . . . . . . . . . . . . . . Electromagnetic . | . . . . . . . . . . . . . . . Robot Hit Streak 9 | 9 3 3 . . 8 . . . . 4 . 9 4 5 Robot Miss Streak 8 | 1 5 8 . . 1 . . . . 1 . 3 2 4 Penetration Max . | . . . . . . . . . . . . . . . Secondary Targets 2 | . . 2 . . . . . . . . . . . . Max Gunslinging Chain 1 | . . 1 . . . . . . . . . . . . Shots Hit Robots 175 | 16 4 10 . . 23 28 1 15 9 22 . 34 4 9 Core Hits 55 | 6 1 6 . . 9 1 1 9 4 6 . 9 . 3 Critical Kills 2 | . . . . . 1 . 1 . . . . . . . Critical Parts Destroyed 11 | 1 . . . . . 8 . 2 . . . . . . Critical Strikes 22 | 1 . 1 . . 1 10 1 3 . . . 3 . 2 Destroy 1 | 1 . . . . . . . . . . . . . . Blast 1 | . . 1 . . . . . . . . . . . . Smash 14 | . . . . . 1 10 1 2 . . . . . . Sever 6 | . . . . . . . . 1 . . . 3 . 2 Melee Attacks 372 | . . . . . 4 86 8 68 43 82 . 50 . 31 Thermal 5 | . . . . . . . . . . 5 . . . . Impact 120 | . . . . . 2 86 8 24 . . . . . . Slashing 230 | . . . . . . . . 44 43 62 . 50 . 31 Piercing . | . . . . . . . . . . . . . . . Sneak Attacks 19 | . . . . . 2 . . 1 4 10 . 2 . . Combat Hostiles 5 | . . . . . . . . 1 . 3 . 1 . . Follow-up Attacks 1 | . . . . . . . . 1 . . . . . . Damage Inflicted 4874 | 173 43 131 . . 434 1195 52 781 652 369 . 790 . 254 Guns 391 | 173 43 116 . . . . . . . 59 . . . . Cannons 377 | . . 15 . . 362 . . . . . . . . . Explosions . | . . . . . . . . . . . . . . . Melee 4106 | . . . . . 72 1195 52 781 652 310 . 790 . 254 Ramming . | . . . . . . . . . . . . . . . Kinetic 768 | 173 43 131 . . 362 . . . . 59 . . . . Thermal . | . . . . . . . . . . . . . . . Explosive . | . . . . . . . . . . . . . . . Electromagnetic . | . . . . . . . . . . . . . . . Impact 1463 | . . . . . 72 1195 52 144 . . . . . . Slashing 2643 | . . . . . . . . 637 652 310 . 790 . 254 Piercing . | . . . . . . . . . . . . . . . Highest Corruption 6 | . . . . . 1 2 2 6 2 5 5 5 5 5 Average Corruption 3 | . . . . . 1 1 2 3 2 3 5 5 5 5 Corruption Purged . | . . . . . . . . . . . . . . . Corruption Blocked . | . . . . . . . . . . . . . . . Effects 87 | . . . . . 1 8 1 10 14 21 1 20 2 9 Message Errors 26 | . . . . . . 3 1 4 3 7 . 3 1 4 Matter Fused 26 | . . . . . 1 . . 4 4 6 . 6 1 4 Heat Flow Errors 7 | . . . . . . 1 . . . 3 . 2 . 1 Energy Discharges 12 | . . . . . . 3 . 1 2 3 . 3 . . Parts Rejected 3 | . . . . . . . . . 1 1 . 1 . . Data Loss (minor) 8 | . . . . . . . . . 4 . 1 3 . . Data Loss (major) 5 | . . . . . . 1 . 1 . 1 . 2 . . Overload Shots . | . . . . . . . . . . . . . . . Overflow Damage 834 | . . . . . . 409 . 166 189 . . 70 . . Projectiles 21 | . . . . . . . . 21 . . . . . . Explosions . | . . . . . . . . . . . . . . . Melee 813 | . . . . . . 409 . 145 189 . . 70 . . Knockbacks 7 | . . . . . 3 2 . 2 . . . . . . Impact 3 | . . . . . . 2 . 1 . . . . . . Kinetic 3 | . . . . . 3 . . . . . . . . . Secondary 1 | . . . . . . . . 1 . . . . . . Self-Inflicted Damage . | . . . . . . . . . . . . . . . Shots . | . . . . . . . . . . . . . . . Rammed . | . . . . . . . . . . . . . . . Targets Rammed . | . . . . . . . . . . . . . . . Kicked . | . . . . . . . . . . . . . . . Crushed . | . . . . . . . . . . . . . . . Highest Temperature 300 | . . 18 . . 20 238 1 1 . 237 14 300 4 159 Average Temperature 33 | . . 14 . . 8 108 1 1 . 28 7 39 2 29 Received Heat Transfer 873 | . . . . 6 54 312 9 60 . 99 . 93 . 240 Siege Activations . | . . . . . . . . . . . . . . . Martial Activations . | . . . . . . . . . . . . . . . Shielding Activations . | . . . . . . . . . . . . . . . Robots Disrupted . | . . . . . . . . . . . . . . . Combat Hostiles . | . . . . . . . . . . . . . . . Robots Corrupted 8 | . . . . . . 5 . 3 . . . . . . Combat Hostiles 7 | . . . . . . 5 . 2 . . . . . . Parts Fried 8 | . . . . . . 7 . 1 . . . . . . Impact Corruptions 24 | . . . . . . 20 . 4 . . . . . . Robots Melted . | . . . . . . . . . . . . . . . Combat Hostiles . | . . . . . . . . . . . . . . . Parts Melted 2 | . . . . . . 1 . . . . . 1 . . Heat Transferred . | . . . . . . . . . . . . . . . Parts Sabotaged 2 | . . . . . . . . . . 2 . . . . Parts Stolen . | . . . . . . . . . . . . . . . Parts Stripped . | . . . . . . . . . . . . . . . Power Chain Reactions . | . . . . . . . . . . . . . . . Alert | -11 -10 -10 -10 -9 -8 -8 -8 -8 -7 -7 -7 -7 -7 -7 ------- Run | Yrd Mat Min Exi Min Mat Gar Mat Gar Fac Gar Fac Gar Fac Gar Maximum Alert Level 3 | . . . . . . 2 1 3 2 3 1 3 2 2 Low Security (%) 21 | 100 100 100 . 100 100 12 13 7 . . . . 57 25 Level 1 20 | . . . . . . 28 86 26 5 27 100 13 3 34 Level 2 40 | . . . . . . 58 . 21 94 49 . 28 39 39 Level 3 17 | . . . . . . . . 44 . 23 . 58 . . Level 4 . | . . . . . . . . . . . . . . . Level 5 . | . . . . . . . . . . . . . . . High Security . | . . . . . . . . . . . . . . . Max Security . | . . . . . . . . . . . . . . . Peak Influence 907 | 10 12 50 . 45 164 678 346 879 588 730 382 907 476 553 Initial 476 | . . . . . 17 100 330 189 461 278 382 253 476 18 Average 423 | 1 2 10 . 8 62 414 281 579 457 562 376 658 274 289 Influence Increases 5013 | 15 24 70 . 45 235 748 222 970 387 582 . 1014 6 695 Destroy 0b10 Robot/C 2000 | . . 60 . . 120 340 20 480 100 320 . 440 . 120 Destroy 0b10 Robot/NC 70 | 15 . . . . . . . . 50 . . 5 . . Destroy Leader 198 | . . 10 . . 40 20 10 20 28 20 . 30 . 20 Allied During Kill 322 | . . . . . 26 31 . 61 9 44 . 139 . 12 Successful Hack 224 | . 24 . . . 3 7 36 6 70 26 . 38 6 8 Disable Machine 75 | . . . . . . . . . 60 15 . . . . Anti-Garrison Action 650 | . . . . . . 100 . 150 . 50 . 200 . 150 Destroy Structure 469 | . . . . . 1 100 6 73 55 92 . 87 . 55 Partial Spotted 45 | . . . . . . . 30 . 15 . . . . . Lose Combat Pursuer 960 | . . . . 45 45 150 120 180 . 15 . 75 . 330 Influence Decreases 4480 | 15 24 70 . . 125 225 608 383 868 250 368 469 886 189 Entered New Map 1969 | . . . . . 28 55 348 103 418 120 348 109 431 9 Time Decay 656 | 15 24 60 . . 87 . 70 . 350 . 20 . 30 . Lost Part 500 | . . 10 . . 10 110 . 60 . 90 . 80 . 140 Lost Ally 780 | . . . . . . 60 40 220 100 40 . 280 . 40 Purge Threat 575 | . . . . . . . 150 . . . . . 425 . Squads Dispatched 13 | . 1 . . . 2 . 4 . 6 . . . . . Investigation 8 | . . . . . . . 4 . 4 . . . . . Extermination 1 | . . . . . . . . . 1 . . . . . Reinforcement 2 | . 1 . . . . . . . 1 . . . . . Assault . | . . . . . . . . . . . . . . . Garrison 2 | . . . . . 2 . . . . . . . . . Intercept . | . . . . . . . . . . . . . . . Searches Triggered . | . . . . . . . . . . . . . . . Construction Impeded . | . . . . . . . . . . . . . . . Haulers Reinforced 1 | . . . . . . . . . 1 . . . . . Active Scanning Responses . | . . . . . . . . . . . . . . . Cargo Convoy Interrupts . | . . . . . . . . . . . . . . . Stealth | -11 -10 -10 -10 -9 -8 -8 -8 -8 -7 -7 -7 -7 -7 -7 --------- Run | Yrd Mat Min Exi Min Mat Gar Mat Gar Fac Gar Fac Gar Fac Gar Distress Signals 4 | . . . . . . . 1 . 2 . . 1 . . Communications Jammed . | . . . . . . . . . . . . . . . Distress Signals . | . . . . . . . . . . . . . . . Times Spotted 190 | . 4 10 . 3 6 24 13 21 10 24 . 35 1 39 Peak Tracking Total 16 | . 2 16 . 3 4 6 7 6 4 7 . 4 1 14 Tactical Retreats 28 | . . 1 . 1 1 6 3 6 . 1 . 3 . 6 Traps | -11 -10 -10 -10 -9 -8 -8 -8 -8 -7 -7 -7 -7 -7 -7 ------- Run | Yrd Mat Min Exi Min Mat Gar Mat Gar Fac Gar Fac Gar Fac Gar Traps Triggered 21 | . . . . . 1 10 . 2 1 2 . 4 . 1 Indirectly . | . . . . . . . . . . . . . . . Trap Hack Attempts . | . . . . . . . . . . . . . . . Triggered . | . . . . . . . . . . . . . . . Disarmed . | . . . . . . . . . . . . . . . Reprogrammed . | . . . . . . . . . . . . . . . Reused . | . . . . . . . . . . . . . . . Traps Extracted . | . . . . . . . . . . . . . . . Installed . | . . . . . . . . . . . . . . . Triggered . | . . . . . . . . . . . . . . . Machines | -11 -10 -10 -10 -9 -8 -8 -8 -8 -7 -7 -7 -7 -7 -7 ---------- Run | Yrd Mat Min Exi Min Mat Gar Mat Gar Fac Gar Fac Gar Fac Gar Machines Disabled 17 | . . . . . . 2 . 2 4 3 . 4 . 2 Max in Single Turn 1 | . . . . . . 1 . 1 . 1 . 1 . 1 Garrison Relay 11 | . . . . . . 2 . 2 . 1 . 4 . 2 Machines Repaired . | . . . . . . . . . . . . . . . Machines Dismantled . | . . . . . . . . . . . . . . . Machines Sabotaged . | . . . . . . . . . . . . . . . Overloaded Fab Kills . | . . . . . . . . . . . . . . . Hacking | -11 -10 -10 -10 -9 -8 -8 -8 -8 -7 -7 -7 -7 -7 -7 --------- Run | Yrd Mat Min Exi Min Mat Gar Mat Gar Fac Gar Fac Gar Fac Gar Machines Accessed 53 | . 3 . 5 . 4 3 8 2 18 1 1 3 3 2 Terminals 37 | . 3 . . . 2 3 7 2 12 1 . 3 2 2 Fabricators 3 | . . . . . . . . . 3 . . . . . Repair Stations . | . . . . . . . . . . . . . . . Recycling Units . | . . . . . . . . . . . . . . . Scanalyzers 1 | . . . . . 1 . . . . . . . . . Garrison Access 7 | . . . . . 1 . 1 . 3 . 1 . 1 . Total Hacks 197 | . 10 . 50 . 16 6 36 4 49 3 2 5 11 5 Successful 131 | . 6 . 50 . 12 2 22 2 21 2 1 4 7 2 Failed 64 | . 4 . . . 4 4 13 2 28 1 1 1 3 3 Catastrophic 6 | . . . . . . 2 1 1 2 . . . . . Database Lockouts 2 | . . . . . . . 1 . . . . . 1 . Manual 80 | . 8 . 1 . 5 . 20 2 31 2 1 1 9 . Terminals 114 | . 10 . . . 6 6 33 4 34 3 . 5 8 5 Fabricators 5 | . . . . . . . . . 5 . . . . . Repair Stations . | . . . . . . . . . . . . . . . Recycling Units . | . . . . . . . . . . . . . . . Scanalyzers 8 | . . . . . 8 . . . . . . . . . Garrison Access 20 | . . . . . 2 . 3 . 10 . 2 . 3 . Terminal Hacks 88 | . 3 . 50 . 2 2 12 2 4 2 . 4 5 2 Record 53 | . . . 49 . . . 4 . . . . . . . Part Schematic 1 | . . . . . . . . . 1 . . . . . Robot Analysis 6 | . 1 . . . 1 . 1 . . . . . 3 . Prototype ID Bank 3 | . 1 . . . . . 2 . . . . . . . Open Door 4 | . . . . . . 1 . 1 . . . 1 . 1 Emergency Access Points 5 | . . . . . . 1 1 1 . 1 . 1 . . Terminal Index 1 | . 1 . . . . . . . . . . . . . Garrison Index 1 | . . . . . . . 1 . . . . . . . Unreport Threat 2 | . . . . . . . 1 . . . . . 1 . Locate Traps 1 | . . . . . . . . . 1 . . . . . Hauler Manifests 1 | . . . . . . . 1 . . . . . . . Zone Layout 5 | . . . . . 1 . 1 . 2 . . . 1 . Garrison Registry 3 | . . . . . . . . . . 1 . 1 . 1 Security Stations 1 | . . . . . . . . . . . . 1 . . Proto ID Catalog 1 | . . . 1 . . . . . . . . . . . Fabricator Hacks 1 | . . . . . . . . . 1 . . . . . Network Status 1 | . . . . . . . . . 1 . . . . . Repair Station Hacks . | . . . . . . . . . . . . . . . Recycling Unit Hacks . | . . . . . . . . . . . . . . . Scanalyzer 8 | . . . . . 8 . . . . . . . . . Insert Component 3 | . . . . . 3 . . . . . . . . . Analyze 5 | . . . . . 5 . . . . . . . . . Garrison Access Hacks 7 | . . . . . 1 . 1 . 3 . 1 . 1 . Unlock Access 7 | . . . . . 1 . 1 . 3 . 1 . 1 . Unauthorized Hacks 27 | . 3 . . . 1 . 9 . 13 . . . 1 . Terminals 24 | . 3 . . . 1 . 8 . 11 . . . 1 . Assimilate 3 | . . . . . . . 1 . 2 . . . . . Botnet 21 | . 3 . . . 1 . 7 . 9 . . . 1 . Fabricators 1 | . . . . . . . . . 1 . . . . . Haulers 1 | . . . . . . . . . 1 . . . . . Repair Stations . | . . . . . . . . . . . . . . . Recycling Units . | . . . . . . . . . . . . . . . Scanalyzers . | . . . . . . . . . . . . . . . Garrison Access 2 | . . . . . . . 1 . 1 . . . . . Reprogram 2 | . . . . . . . 1 . 1 . . . . . Data Cores Recovered 1 | . . . . . . . 1 . . . . . . . Used 1 | . . . . . . . 1 . . . . . . . Hacking Detections 43 | . 3 . . . 3 3 8 1 17 1 1 2 2 2 Full Trace Events 7 | . . . . . . . 3 1 2 . . . . 1 Feedback Events . | . . . . . . . . . . . . . . . Feedback Blocked . | . . . . . . . . . . . . . . . Robot Schematics Acquired . | . . . . . . . . . . . . . . . Robots Built . | . . . . . . . . . . . . . . . Authchips . | . . . . . . . . . . . . . . . Time . | . . . . . . . . . . . . . . . Total Robot Build Rating . | . . . . . . . . . . . . . . . Part Schematics Acquired 4 | . . . . . 3 . . . 1 . . . . . Parts Built . | . . . . . . . . . . . . . . . Authchips . | . . . . . . . . . . . . . . . Time . | . . . . . . . . . . . . . . . Total Part Build Rating . | . . . . . . . . . . . . . . . Parts Repaired . | . . . . . . . . . . . . . . . Time . | . . . . . . . . . . . . . . . Parts Recycled . | . . . . . . . . . . . . . . . Recycled Matter . | . . . . . . . . . . . . . . . Retrieved Matter . | . . . . . . . . . . . . . . . Retrieved Components . | . . . . . . . . . . . . . . . Parts Scanalyzed 3 | . . . . . 3 . . . . . . . . . Part Schematics Acquired 3 | . . . . . 3 . . . . . . . . . Parts Damaged . | . . . . . . . . . . . . . . . Bothacking | -11 -10 -10 -10 -9 -8 -8 -8 -8 -7 -7 -7 -7 -7 -7 ------------ Run | Yrd Mat Min Exi Min Mat Gar Mat Gar Fac Gar Fac Gar Fac Gar Used RIF Installer 4 | . . . . . . 1 . 1 . 1 . 1 . . Coupler Efficiency 1 | . . . . . . . . . . 1 . . . . Command Fork 1 | . . . . . . . . . . . . 1 . . Patrol Navigation 1 | . . . . . . . . 1 . . . . . . Robots Hacked 19 | . . . . . 1 . . . . 5 . 9 1 3 Non-combat 2 | . . . . . 1 . . . . . . . 1 . Combat 17 | . . . . . . . . . . 5 . 9 . 3 Robot Hacks Applied 23 | . . . . . 1 . . . . 5 . 10 4 3 parse_system 3 | . . . . . 1 . . . . . . 2 . . purge_threat 2 | . . . . . . . . . . . . . 2 . block_reporting 1 | . . . . . . . . . . . . . 1 . overwrite_iff 4 | . . . . . . . . . . . . 2 . 2 formatsys_low 1 | . . . . . . . . . . . . . 1 . formatsys_high 12 | . . . . . . . . . . 5 . 6 . 1 Relay Couplers Released 50 | . . . . . . 12 . 10 . 5 . 17 . 6 Machine Destruction 46 | . . . . . . 8 . 10 . 5 . 17 . 6 Programmers 4 | . . . . . . 4 . . . . . . . . Attached 14 | . . . . . . 3 . . . 2 . 5 1 3 Fabnet Peak Effective % . | . . . . . . . . . . . . . . . Robots Rewired 20 | . . . . . . . . 11 3 3 . 3 . . Allies Hacked 2 | . . . . . . . . . . . . 2 . . Hacks Repelled . | . . . . . . . . . . . . . . . Allies | -11 -10 -10 -10 -9 -8 -8 -8 -8 -7 -7 -7 -7 -7 -7 -------- Run | Yrd Mat Min Exi Min Mat Gar Mat Gar Fac Gar Fac Gar Fac Gar Total Allies 54 | . . 2 . 3 . 2 3 11 8 10 . 11 1 3 Largest Group 11 | . . 2 2 3 3 4 3 6 3 8 7 11 3 5 Highest-Rated Group 257 | . . 38 38 40 40 69 48 110 102 236 144 257 81 105 Highest-Rated Ally 62 | . . 31 31 16 16 25 25 31 34 62 32 39 39 39 Total Orders 15 | . . . . . 2 2 . . . 4 . 4 . 3 STAY 10 | . . . . . 1 1 . . . 3 . 3 . 2 FOLLOW 5 | . . . . . 1 1 . . . 1 . 1 . 1 Ally Attacks 300 | . . . . . 13 48 5 57 23 29 . 112 . 13 Total Damage 6027 | . . . . . 135 743 83 1244 897 986 . 1721 . 218 Kills 60 | . . . . . 2 7 . 13 9 10 . 16 . 3 Allies Corrupted 1 | . . . . . . . . 1 . . . . . . Allies Melted 1 | . . . . . . . . 1 . . . . . . Intel | -11 -10 -10 -10 -9 -8 -8 -8 -8 -7 -7 -7 -7 -7 -7 ------- Run | Yrd Mat Min Exi Min Mat Gar Mat Gar Fac Gar Fac Gar Fac Gar Active Infowar (turns) 1305 | 13 134 284 174 31 309 178 19 5 158 . . . . . Sensors 2 | . . 2 . . . . . . . . . . . . Structural 925 | . . 214 174 31 309 178 19 . . . . . . . Seismic 288 | 13 134 70 . . 71 . . . . . . . . . Machine Analysis 158 | . . . . . . . . . 158 . . . . . Cloaking 5 | . . . . . . . . 5 . . . . . . Robot Analysis Total 6 | . 1 . . . 1 . 1 . . . . . 3 . Derelict Logs Recovered 1 | . . 1 . . . . . . . . . . . . Drone Launches . | . . . . . . . . . . . . . . . Drone Recoveries . | . . . . . . . . . . . . . . . Exploration | -11 -10 -10 -10 -9 -8 -8 -8 -8 -7 -7 -7 -7 -7 -7 ------------- Run | Yrd Mat Min Exi Min Mat Gar Mat Gar Fac Gar Fac Gar Fac Gar Turns Passed 5522 | 93 134 285 174 31 309 863 150 616 796 774 41 835 64 357 Spaces Moved 7389 | 44 99 536 415 66 451 933 306 659 1472 784 15 948 168 493 Core 47 | 3 . . . . . . . 25 16 3 . . . . Treads . | . . . . . . . . . . . . . . . Legs 162 | 41 99 6 . . . . . . . 16 . . . . Wheels . | . . . . . . . . . . . . . . . Hover 606 | . . . . . . 468 87 . . . . 51 . . Flight 6574 | . . 530 415 66 451 465 219 634 1456 765 15 897 168 493 Fastest Speed 23 | 50 120 37 37 37 31 31 29 28 37 23 23 23 23 23 Average Speed 37 | 115 120 37 37 37 31 46 38 38 37 34 23 27 23 27 Slowest Speed 280 | 120 120 120 37 37 31 280 60 250 150 150 23 115 23 35 Overloaded Moves . | . . . . . . . . . . . . . . . Propulsion Burnouts . | . . . . . . . . . . . . . . . Robots Hopped 31 | . . 7 . 1 . 1 3 . 3 . . . . 16 Potential Cave-ins 6 | . . . . . . . . 6 . . . . . . Cave-ins Triggered . | . . . . . . . . . . . . . . . Exploration Rate (%) 45 | 4 26 95 90 31 25 85 29 47 47 64 1 77 6 54 Regions Visited 14 Branch Regions 3 Pre-discovered Areas 1 | . . . 1 . . . . . . . . . . . Known Exits Taken 5 | . . . . . 1 . 1 . 1 . 1 . 1 . Unknown Exits Taken 5 | 1 1 1 1 1 . . . . . . . . . . Scrap Searched 4 | . . 3 . 1 . . . . . . . . . . Spaces Dug 126 | . . . . . 1 25 6 16 29 32 . 12 . 5 Terrain Destroyed 126 | . . . . . 1 25 6 16 29 32 . 12 . 5 Melee 126 | . . . . . 1 25 6 16 29 32 . 12 . 5 Projectile . | . . . . . . . . . . . . . . . AOE . | . . . . . . . . . . . . . . . Terrain Rammed . | . . . . . . . . . . . . . . . Walls Destroyed . | . . . . . . . . . . . . . . . Machines Disabled . | . . . . . . . . . . . . . . . Actions | -11 -10 -10 -10 -9 -8 -8 -8 -8 -7 -7 -7 -7 -7 -7 --------- Run | Yrd Mat Min Exi Min Mat Gar Mat Gar Fac Gar Fac Gar Fac Gar Total 9332 | 63 104 587 435 70 587 1189 319 912 1625 1138 51 1419 190 643 Wait 1041 | . . 30 19 6 91 82 4 61 87 199 37 310 10 105 Move 7318 | 43 98 521 414 63 449 930 299 658 1466 783 14 947 167 466 Hop 26 | . . 7 . 1 . 1 3 . 3 . . . . 11 Pick Up 21 | 1 . 3 1 . 4 4 . 2 1 1 . 2 1 1 Fast Attach 85 | 7 1 5 . . 5 10 4 5 7 19 . 13 1 8 Attach 14 | . . . . . 3 3 . 2 1 2 . 2 1 . Detach 7 | 1 . 2 . . . . . 1 . 3 . . . . Swap 11 | . . 1 . . . . . 3 . 2 . 4 . 1 Drop 46 | . . 5 1 . 4 4 2 9 4 3 . 9 3 2 Fire 96 | 11 5 13 . . 26 . . . . 4 . 24 6 7 Melee 360 | . . . . . 4 86 7 57 43 82 . 50 . 31 Ram . | . . . . . . . . . . . . . . . Kick . | . . . . . . . . . . . . . . . Crush . | . . . . . . . . . . . . . . . Escape Stasis 193 | . . . . . 1 69 . 27 . 36 . 50 . 10 Rewire 114 | . . . . . . . . 87 13 4 . 8 1 1 Trap . | . . . . . . . . . . . . . . . Miscellaneous . | . . . . . . . . . . . . . . . Route ------- -11/Scrapyard -10/Materials -10/Mines (discovered 3 exits: [*Mat x2] / *Exi) -10/Exiles -9/Mines -8/Materials (discovered 2 exits: Fac / Gar) -8/Garrison (discovered 3 exits: *Mat x3) -8/Materials -8/Garrison -7/Factory (discovered 5 exits: [*Fac] / [*Low] / Gar / Gar / Gar) -7/Garrison (discovered 4 exits: *Fac x4) -7/Factory -7/Garrison (discovered 4 exits: [Fac x3] / *Fac) -7/Factory (discovered 2 exits: [*Low] / Gar) -7/Garrison (discovered 3 exits: [Fac x3]) History --------- Turn | Location | Event 4 | -11/Scrapyard | Discovered new exit (range 15) 94 | -11/Scrapyard | Entered Materials 135 | -10/Materials | Discovered new exit (range 9) 228 | -10/Materials | Entered Mines 230 | -10/Mines | Met a Derelict bent on vengeance 293 | -10/Mines | Assembled infested the area 320 | -10/Mines | Build established: Mutant 332 | -10/Mines | Discovered new exit (range 12) 333 | -10/Mines | Learned 2 Materials zone layouts 387 | -10/Mines | Discovered new exit (range 7) 459 | -10/Mines | Found a damaged Exp. Sensor Array with a note attached 460 | -10/Mines | Found Prototype Device 460 | -10/Mines | Identified Exp. Sensor Array 465 | -10/Mines | Deemed a non-threat by the Exiles lab entrance 465 | -10/Mines | Discovered new exit (range 5) 513 | -10/Mines | Entered Exiles 513 | -10/Exiles | Accompanied by 2 allies 541 | -10/Exiles | Met 8R-AWN 543 | -10/Exiles | Led the pair of lost Derelicts to a safe place 548 | -10/Exiles | Met EX-HEX 558 | -10/Exiles | Met EX-BIN 563 | -10/Exiles | Aligned with FarCom system 563 | -10/Exiles | Given EX-Vault access code 572 | -10/Exiles | Opened EX-Vault 575 | -10/Exiles | Found Cloak of Protection 590 | -10/Exiles | Warned to stay clear of 0b10 Research branches 601 | -10/Exiles | Met EX-DEC 602 | -10/Exiles | Learned location of Zion (-7) 618 | -10/Exiles | Visited The Gauntlet 683 | -10/Exiles | Discovered new exit (range 14) 687 | -10/Exiles | Left Exiles lab with Cloak of Protection 687 | -10/Exiles | Entered Mines 699 | -9/Mines | Discovered new exit (range 8) 707 | -9/Mines | Assisted by bots powering up and referring to "LRC-V3" 718 | -9/Mines | Entered Materials 718 | -8/Materials | Accompanied by 3 allies 718 | -8/Materials | Evolved 4 slots: Propulsion x2, Utility x2 719 | -8/Materials | Identified exit to Factory 899 | -8/Materials | Garrison activated, responded to threat 973 | -8/Materials | Identified exit to Garrison 1021 | -8/Materials | Build established: Scavenger-Sprinter 1027 | -8/Materials | Entered Garrison 1027 | -8/Garrison | Accompanied by 3 allies 1134 | -8/Garrison | Garrison Relay disabled 1139 | -8/Garrison | Triggered checkpoint 1178 | -8/Garrison | Discovered new exit (range 13) 1307 | -8/Garrison | Triggered checkpoint 1396 | -8/Garrison | Discovered new exit (range 15) 1559 | -8/Garrison | Discovered new exit (range 15) 1570 | -8/Garrison | Installed Relay Interface Framework 1581 | -8/Garrison | Triggered checkpoint 1594 | -8/Garrison | Core integrity fell below 50% 1629 | -8/Garrison | Lost 4 parts (1n1u2w) 1636 | -8/Garrison | Garrison Relay disabled 1681 | -8/Garrison | Rescued a captive Derelict 1681 | -8/Garrison | Rescued a captive Derelict 1707 | -8/Garrison | Build established: Mutant 1751 | -8/Garrison | Triggered checkpoint 1890 | -8/Garrison | Entered Materials 1890 | -8/Materials | Accompanied by 2 allies 1980 | -8/Materials | Central database locked down 2000 | -8/Materials | Identified exit to Garrison 2040 | -8/Materials | Entered Garrison 2040 | -8/Garrison | Accompanied by 3 allies 2064 | -8/Garrison | Triggered checkpoint 2103 | -8/Garrison | Lost 3 allies 2192 | -8/Garrison | Lost 5 allies 2305 | -8/Garrison | Garrison Relay disabled 2320 | -8/Garrison | Triggered checkpoint 2334 | -8/Garrison | Garrison Relay disabled 2376 | -8/Garrison | P-60 Hacker assimilated allied 11-D21(b) 2381 | -8/Garrison | Core integrity fell below 20% 2571 | -8/Garrison | Discovered exit to Factory (range 15) 2595 | -8/Garrison | Lost 3 parts (1p2n) 2649 | -8/Garrison | Expanded RIF knowledge: Patrol Navigation 2656 | -8/Garrison | Entered Factory 2656 | -7/Factory | Evolved 2 slots: Propulsion x1, Utility x1 2882 | -7/Factory | Identified exit to Garrison 3031 | -7/Factory | Identified exit to Garrison 3071 | -7/Factory | Discovered new exit (range 14) 3222 | -7/Factory | Discovered new exit (range 7) 3424 | -7/Factory | Build established: Bothacker-Mutant 3452 | -7/Factory | Identified exit to Garrison 3452 | -7/Factory | Entered Garrison 3520 | -7/Garrison | Discovered new exit (range 5) 3534 | -7/Garrison | Triggered checkpoint 3576 | -7/Garrison | Found embedded Infiltrators 3579 | -7/Garrison | Triggered checkpoint 3586 | -7/Garrison | Garrison Relay disabled 3644 | -7/Garrison | Triggered checkpoint 3703 | -7/Garrison | Triggered checkpoint 3790 | -7/Garrison | P-60 Hacker assimilated allied J4-BUB(x) 3839 | -7/Garrison | Lost 4 parts (1p3n) 3946 | -7/Garrison | Lost 5 parts (4n1u) 3951 | -7/Garrison | Discovered new exit (range 3) 4046 | -7/Garrison | Discovered new exit (range 65) 4046 | -7/Garrison | Discovered new exit (range 13) 4046 | -7/Garrison | Discovered new exit (range 31) 4046 | -7/Garrison | Discovered new exit (range 72) 4070 | -7/Garrison | Expanded RIF knowledge: Coupler Efficiency 4080 | -7/Garrison | Triggered checkpoint 4114 | -7/Garrison | Triggered checkpoint 4226 | -7/Garrison | Entered Factory 4226 | -7/Factory | Accompanied by 7 allies 4229 | -7/Factory | Identified exit to Garrison 4267 | -7/Factory | Entered Garrison 4267 | -7/Garrison | Accompanied by 7 allies 4347 | -7/Garrison | Triggered checkpoint 4379 | -7/Garrison | Garrison Relay disabled 4428 | -7/Garrison | Garrison Relay disabled 4507 | -7/Garrison | Triggered checkpoint 4528 | -7/Garrison | Learned Factory security intel 4528 | -7/Garrison | Discovered new exit (range 80) 4528 | -7/Garrison | Discovered new exit (range 15) 4528 | -7/Garrison | Discovered new exit (range 61) 4528 | -7/Garrison | Discovered new exit (range 38) 4558 | -7/Garrison | Garrison Relay disabled 4585 | -7/Garrison | Triggered checkpoint 4643 | -7/Garrison | Triggered checkpoint 4698 | -7/Garrison | Lost 6 allies 4706 | -7/Garrison | Lost 4 parts (1p3n) 4935 | -7/Garrison | Triggered checkpoint 4975 | -7/Garrison | Lost 3 allies 4988 | -7/Garrison | Lost 3 parts (1n1u1w) 5055 | -7/Garrison | Garrison Relay disabled 5076 | -7/Garrison | Expanded RIF knowledge: Command Fork 5085 | -7/Garrison | Triggered checkpoint 5102 | -7/Garrison | Entered Factory 5102 | -7/Factory | Accompanied by 2 allies 5112 | -7/Factory | Identified exit to Garrison 5124 | -7/Factory | Discovered new exit (range 13) 5124 | -7/Factory | Central database locked down 5166 | -7/Factory | Entered Garrison 5166 | -7/Garrison | Accompanied by 3 allies 5204 | -7/Garrison | Garrison Relay disabled 5215 | -7/Garrison | Discovered new exit (range 43) 5215 | -7/Garrison | Discovered new exit (range 69) 5215 | -7/Garrison | Discovered new exit (range 60) 5224 | -7/Garrison | Triggered checkpoint 5229 | -7/Garrison | Triggered checkpoint 5242 | -7/Garrison | Triggered checkpoint 5257 | -7/Garrison | Core integrity fell below 50% 5371 | -7/Garrison | Garrison Relay disabled 5440 | -7/Garrison | Lost 7 parts (1p5n1w) 5466 | -7/Garrison | Core integrity fell below 20% 5492 | -7/Garrison | Lost 3 parts (1n2u) 5520 | -7/Garrison | Triggered checkpoint 5523 | -7/Garrison | Destroyed by S-27 Virus with Autogun Last Messages --------------- 05461_ Imp. Core Shielding destroyed. 05471_ Acquired 23 matter. 05478_ Acquired Unknown Device. 05478_ Identified Adv. Phase Shifter. 05482_ Critical hit (Burn: +37). 05498_ System corrupted: Matter fused (-5). 05500_ Acquired 28 matter. 05501_ Acquired VTOL Module. 05502_ Acquired 14 matter. 05504_ Acquired VTOL Module. 05508_ Relay Coupler [Sentry] destroyed. 05508_ Critical hit (Burn: +37). 05509_ G-47 Trooper destroyed. Garrison Door activated. 05515_ Connecting with Garrison Terminal... 05520_ Beams of light sweep through the air. An alarm sounds. 05520_ Adv. Phase Shifter destroyed. 05521_ VTOL Module destroyed. 05522_ S-27 Virus destroyed. Map ----- +----------------------------------------------------+ | ??###* ## ## #### #?????????# #????????????? | | ##### % ## ## #??# #???????###+###??????????? | | %[ #### #######?#]] ]]#???????#### | | [ + #?#]] ]]#???????#""" | | "###" % % ########## ### #####???#"" | | =#?##" "# ## #????????# +^ ^+ #???#" | | #??## "# ## #????????# ### ### #???#" | | #???# ######## #????????# #?#!! !!#?# #???##" | | ##### #??????# #????????# #?#!! !!#?# #????#" | | " #??????# s#????????# #?###+###?# #???##" | | ###### #??????# ########## #???# #???# #???#" | | ###### #??????# + #???###???# #???#""" | | #??????# ###### ### #?????????# #???#### | | #??????# #????# #?# #?????????# #??????# | | ######+##??????# #????# #?# #?????????# #??????# | | #????# #???????# ###### ###+###########+######## | | #????# #???????# | | #????# #???????# | | #????# #???????# Y | | #????# #???????########## ###+########### ######## | | #????# #????????????????# #?# #?????????###??????? | | #????# #????????????????# #?# #??????????????????? | | #????# #???????????????## ###+##?????????????????? | | ###??# #???????????????#Ts## ss#?????????????????? | | #### #???????????????##s## s #######???????????? | | + #????????????????#@sss%=^ #???????????? | | ######????????????????#####*####" #???######### | | ###???????????????????????### ##?#" #####!!!## "" | | #?????????????????????????# ##?#" + | | #?????????????????????????# #?#" #####!!!## "" | | #?????????????????????????# #?#" #???######### | | #?????????????????????????### #?#"""#???????????? | | #?????????????????????????## #?#####???????????? | | #?????????????????????????# #?????????????????? | | #?????????????????????????######?????????????????? | | ##???????????????????????????????????????????????? | | #???????????????????????????????????????????????? | | #???????????????????????????????????????????????? | | ##???????????????????????????????????????????????? | | #????????????????????????????????????????????????? | | #????????????????????????????????????????????????? | | #????????????????????????????????????????????????? | | #????????????????????????????????????????????????? | | ?????????????????????????????????????????????????? | | ?????????????????????????????????????????????????? | | ?????????????????????????????????????????????????? | | ?????????????????????????????????????????????????? | | ?????????????????????????????????????????????????? | | | | | +----------------------------------------------------+ Best States ------------- Heat Dissipation 35 Energy Generation 15 Energy Capacity 160 Matter Stores 300 Matter Capacity 300 Sight Range 16 Terrain Scan Density 10 Cloak Strength 5 Additional Mass Support 9 Armor Coverage 225 Core Shielding 30 Propulsion Shielding 66 Evasion (%) 71 Melee Accuracy 6 Offensive Hacking 20 Defensive Hacking 20 Relay Coupler Types 3 Relay Coupler Value 74 Item Schematics ----------------- Adv. Weight Redist. System | -8/Materials | Scanalyzed System Shield | -8/Materials | Scanalyzed Great Maul | -8/Materials | Scanalyzed Cesium-ion Thruster | -7/Factory | Hacked Robot Schematics ------------------ None Fabricated ------------ Nothing Repaired ---------- Nothing Alien Tech Used ----------------- None Achievements -------------- None Challenges ------------ None Game ------ Seed MiniMinesnifferGravjet Manual? 0 Play Time 01:53:31 Cumulative 228.8 hours Start 2025.06.10 @ 16:35:11 End 2025.06.10 @ 18:30:35 Sessions 1 Manual Loads 0 Difficulty Rogue Special Mode None Game No. 118 Rogue 118 Adventurer 0 Explorer 0 Win Type - Total 15 Types 6/0/5/1/2/1/0/0/0/0 Lore% 81 Gallery% 70 Achievement% 66 Wizard Run 0 Options --------- Layout 1 ASCII 0 Keyboard 0 Movement Numpad Keybinds 0 Fullscreen 1 Font 24/Smallcaps Map View 50x35 Zoom Use 0% Tactical HUD 1 Map Filters NONE Filters NONE Steam 1 RUN: f2602540-0812-419f-82d4-7e3e785fe960